 Dungeon Crawl Stone Soup version 0.16-a0-2254-g943817a (console) character file.

854 utis the Ducker (level 8, -6/46 HPs)
             Began as a Kobold Artificer on Nov 15, 2014.
             Mangled by an unseen horror (8 damage)
             ... on level 5 of the Dungeon.
             The game lasted 00:20:03 (9625 turns).

utis the Ducker (Kobold Artificer)                  Turns: 9625, Time: 00:20:03

Health: -6/46      AC:  6    Str: 12    XL:     8   Next: 21%
Magic:  12/12      EV: 10    Int: 10    God:
Gold:   252        SH:  0    Dex: 16    Spells: 0 memorised, 7 levels left

rFire  . . .     SeeInvis .     a - +1 whip (venom)
rCold  . . .     Clarity  .     m - +0 scale mail
rNeg   . . .     SustAb   .     (no shield)
rPois  .         Gourm    .     (no helmet)
rElec  .         Spirit   .     (no cloak)
rCorr  .         Warding  .     (no gloves)
rMut   .         Stasis   .     (no boots)
MR     .....                    (no amulet)
Stlth  +.........               (no ring)
                                (no ring)

@: not resistant to hostile enchantments, very unstealthy
A: carnivore 3
a: no special abilities


You were on level 5 of the Dungeon.
You were full.

You visited 1 branch of the dungeon, and saw 5 of its levels.

You collected 252 gold pieces.

Inventory:

Hand weapons
 a - a +1 whip of venom (weapon)
 h - a +0 short sword
 q - a -2 whip
 B - a +0 hunting sling
 C - a +0 dagger of speed
Missiles
 j - 119 stones (quivered)
Armour
 e - a +0 leather armour
 m - a +0 scale mail (worn)
 p - a +0 ring mail
Magical devices
 b - a wand of flame (10)
 c - a wand of enslavement (14)
 d - a wand of random effects (13)
 n - a wand of flame (26)
 t - a wand of slowing (15)
 u - a wand of disintegration (19)
Scrolls
 g - a scroll of enchant weapon
 r - a scroll of teleportation {!r}
 v - a scroll of blinking {!r}
 w - 4 scrolls of remove curse
 E - a scroll of immolation {unknown}
Potions
 i - 2 potions of brilliance
 k - a potion of restore abilities {unknown}
 l - 2 potions of curing
 s - 3 potions of heal wounds
 x - a potion of berserk rage {unknown}
 z - a potion of flight {unknown}
 A - 2 potions of cure mutation {unknown}
 D - 2 potions of agility {unknown}
Books
 o - a book of Unlife

   Spells                             Type                      Level
   Recall                             Summoning/Translocation      3
   Animate Dead                       Necromancy                   4
   Control Undead                     Necromancy                   4
   Twisted Resurrection               Necromancy                   5
   Death Channel                      Necromancy                   6
   Simulacrum                         Ice/Necromancy               6
 y - a book of Maledictions

   Spells                             Type                      Level
   Corona                             Hexes                        1
   Sure Blade                         Hexes/Charms                 2
   Ensorcelled Hibernation            Hexes/Ice                    2
   Confuse                            Hexes                        3
   Dazzling Spray                     Conjuration/Hexes            3
   Enslavement                        Hexes                        4
Comestibles
 f - 3 meat rations


   Skills:
 + Level 3.2 Fighting
 - Level 3.0 Short Blades
 - Level 5.6 Maces & Flails
 - Level 2.0 Armour
 - Level 6.0 Dodging
 - Level 1.3 Stealth
 - Level 3.6 Evocations


You had 7 spell levels left.
You didn't know any spells.

Dungeon Overview and Level Annotations

Branches:
Dungeon (5/15)
 Temple: D:4-7

Altars:
Okawaru
Sif Muna
Xom

Annotations:
D:4 hackum's ghost, average DgTm


Innate Abilities, Weirdness & Mutations

You are small and have problems with some larger weapons.
You are carnivorous and can eat meat at any time.


Message History

Something hits you but does no damage. Something hits you but does no damage.
Something hits you.
Found 11 stones.
You miss something. Something hits you but does no damage. Something hits you.
You barely miss something. Something hits you. Something hits you!
* * * LOW HITPOINT WARNING * * *
Something hits you!
* * * LOW HITPOINT WARNING * * *
Something hits you.
* * * LOW HITPOINT WARNING * * *
Something hits you but does no damage.
You hit something. Something hits you but does no damage. Something hits you!
* * * LOW HITPOINT WARNING * * *
Something hits you.
* * * LOW HITPOINT WARNING * * *
Something hits you!
You die...

▓...€.▓..▓..▓..▓..▓
▓.......▓▓▓...▓▓▓..
▓.€...▓..▓..▓..▓..▓ .
▓▓▓....▓▓▓...▓▓▓...▓▓
▓..▓........▓..▓..▓..▓..▓
▓....➘.....▓..▓▓▓...▓▓▓..
▓... ▓.....▓▓▓.▓..▓..▓.▓▓
▓....▓.▓▓..▓▓▓▓..▓▓▓..▓▓
▓...€...K.........▓...▓▓▓
▓..▓▓▓▓▓▓▓.▓▓▓▓▓.........
▓..[....>............'...
▓..)▓▓▓▓▓▓.▓▓▓▓▓▓▓▓▓▓▓...
▓...▓ ▓.▓ ▓o.. ▓▓.▓▓ ▓.▓
▓▓.▓ ▓.▓ ▓.▓ ▓.▓ ▓.▓ ▓.▓
▓.. ▓.▓ ▓.▓ ▓▓.


There were no monsters in sight!

Vanquished Creatures
  A sky beast (D:5)
  2 ogres
  A water moccasin skeleton (D:4)
  A crimson imp (D:4)
  2 centaur skeletons (D:5)
  3 giant frog skeletons
  2 hounds
  An orc wizard (D:5)
  4 worker ants
  A hound skeleton (D:4)
  6 adders
  A shadow imp (D:5)
  A worm (D:2)
  4 giant geckos
  7 orcs
  3 giant cockroaches
  16 hobgoblins
  7 jackals
  11 kobolds
  11 bats
  4 giant newts
  14 goblins
  A quokka (D:3)
  17 rats
121 creatures vanquished.

Notes
Turn   | Place    | Note
--------------------------------------------------------------
     0 | D:1      | utis, the Kobold Artificer, began the quest for the Orb.
     0 | D:1      | Reached XP level 1. HP: 12/12 MP: 1/1
   154 | D:1      | Reached XP level 2. HP: 4/16 MP: 3/3
   753 | D:1      | Reached skill level 1 in Maces & Flails
   924 | D:1      | Reached XP level 3. HP: 20/20 MP: 4/4
  2592 | D:2      | Reached XP level 4. HP: 18/25 MP: 6/6
  3593 | D:3      | Reached XP level 5. HP: 29/29 MP: 8/8
  4441 | D:4      | Reached skill level 4 in Maces & Flails
  5028 | D:4      | Reached XP level 6. HP: 22/34 MP: 9/9
  5163 | D:4      | Noticed hackum's ghost (average DgTm)
  5513 | D:4      | Noticed an ogre
  5645 | D:4      | Reached skill level 5 in Maces & Flails
  6284 | D:3      | Killed an ogre
  6284 | D:3      | Reached XP level 7. HP: 21/38 MP: 11/11
  6476 | D:4      | Found a deep blue altar of Sif Muna.
  6476 | D:4      | Found a shimmering altar of Xom.
  6773 | D:5      | Entered Level 5 of the Dungeon
  7098 | D:4      | Reached skill level 5 in Dodging
  7703 | D:5      | Found an iron altar of Okawaru.
  7836 | D:5      | Reached skill level 1 in Armour
  8596 | D:5      | Reached skill level 6 in Dodging
  8596 | D:5      | Reached XP level 8. HP: 13/43 MP: 12/12
  9625 | D:5      | HP: 2/46 [something (6)]
  9625 | D:5      | Mangled by an unseen horror

Action                   |  1- 3 |  4- 6 |  7- 9 || total
-------------------------+-------+-------+-------++-------
Melee: Short sword       |    40 |       |       ||    40
       Whip              |    73 |   234 |   234 ||   541
Throw: Stone             |     1 |     1 |    10 ||    12
Evoke: Wand              |     6 |     3 |     3 ||    12
  Use: Scroll            |     3 |     6 |     1 ||    10
 Stab: Sleeping          |     2 |     2 |       ||     4
  Eat: Chunk             |    13 |    12 |     8 ||    33
